 Dungeon Crawl Stone Soup version 0.29-a0-330-g52719c12eb (webtiles) character file.

Game seed: 358019839315244565

252 jt the Shield-Bearer (level 6, -3/42 HPs)
             Began as a Barachi Fighter on May 15, 2022.
             Was a Believer of Hepliaklqana.
             Killed by divine providence
             ... invoked by an orc priest
              (14 damage)
             ... on level 3 of the Dungeon.
             The game lasted 00:06:49 (2265 turns).

jt the Shield-Bearer (Barachi Fighter)              Turns: 2265, Time: 00:06:50

Health: -3/42      AC:  9    Str: 20    XL:     6   Next: 14%
Magic:  6/6        EV:  9    Int:  8    God:    Hepliaklqana [**....]
Gold:   115        SH:  5    Dex: 11    Spells: 5/5 levels left

rFire   . . .      SeeInvis .   a - +0 war axe
rCold   . . .      Faith    .   c - +0 buckler
rNeg    . . .      Spirit   .   b - +0 scale mail
rPois   .          Reflect  .   p - +0 helmet
rElec   .          Harm     .   e - +0 cloak
rCorr   .          Rampage  .   (no gloves)
Will    .....                   (no boots)
Stlth   ..........              (no amulet)
HPRegen 0.14/turn               (no ring)
MPRegen 0.10/turn               (no ring)

@: attractive, slow
A: reduced essence, amphibious, slowness 1, strong legs 1, +LOS
a: Hop, Renounce Religion, Recall Ancestor, Ancestor Identity


You were on level 3 of the Dungeon.
You worshipped Hepliaklqana.
Hepliaklqana was pleased with you.
You visited 1 branch of the dungeon, and saw 3 of its levels.

You collected 164 gold pieces.
You spent 49 gold pieces at shops.

Inventory:

Hand Weapons
 a - a +0 war axe (weapon)
 i - a +0 spear
 l - a +2 mace of holy wrath
 q - a +0 dagger of electrocution
Missiles
 g - 94 stones
 r - a poisoned dart
Armour
 b - a +0 scale mail (worn)
 c - a +0 buckler (worn)
 e - a +0 cloak (worn)
 p - a +0 helmet (worn)
Wands
 f - a wand of flame (19)
 o - a wand of charming (5)
Scrolls
 d - a scroll of silence
 n - a scroll of immolation {unknown}
Potions
 h - 2 potions of flight
 j - 3 potions of curing
 k - a potion of magic {unknown}
 m - 3 potions of attraction


   Skills:
 - Level 3.6 Fighting
 + Level 5.0 Axes
 - Level 3.6 Armour
 + Level 5.6 Shields


You had 5 spell levels left.
You didn't know any spells.
Your spell library contained the following spells:

 Spells                   Type           Power      Damage    Failure   Level
 Slow                     Hex            0%         N/A       83%         1
 Static Discharge         Conj/Air       0%         N/A       93%         2
 Confusing Touch          Hex            0%         N/A       99%         3
 Frozen Ramparts          Ice            0%         1d2       99%         3
 Gell's Gravitas          Tloc           0%         N/A       99%         3
 Lesser Beckoning         Tloc           0%         N/A       99%         3
 Teleport Other           Tloc           0%         N/A       99%         3
 Vampiric Draining        Necr           0%         2d6       99%         3
 Dispel Undead            Necr           0%         3d6       100%        4
 Ice Form                 Ice/Tmut       0%         N/A       100%        4
 Sticky Flame             Conj/Fire      0%         2d3       100%        4
 Summon Ice Beast         Ice/Summ       0%         N/A       100%        4


Dungeon Overview and Level Annotations

Branches:
Dungeon (3/15)

Altars:
Hepliaklqana

Shops:
D:1 [   D:2 [   D:3 (:(=


Innate Abilities, Weirdness & Mutations

Your life essence is reduced to manifest your ancestor. (-10% HP)
You are amphibious.
You cover ground slowly.
You can hop short distances.
You have an extended range of vision and can be seen from far away.


Message History

You kill the orc!
Throw: 3 darts (poison)
Press: ? - help, Shift-Dir - straight line, f - orc priest
Aim: an orc priest, wielding a +0 trident and wearing a +0 scale mail (60% to hit)
You throw a poisoned dart. The poisoned dart hits the orc priest.
Ntombi points at the orc priest and mumbles some strange words.
The puff of frost hits something!
The orc priest barely misses you.
You hear some strange, mumbled words.
Ntombi appears confused.
Throw: 2 darts (poison)
Press: ? - help, Shift-Dir - straight line, f/p - orc priest
Aim: an orc priest, wielding a +0 trident and wearing a +0 scale mail (60% to hit)
You throw a poisoned dart.
The poisoned dart barely misses the orc priest.
The orc priest hits you from afar with a +0 trident.
You block the orc priest's attack.
There is an open door here.
Something unseen opens the door.
Ntombi hits you but does no damage.
You swap places.
The orc priest calls down the wrath of Beogh upon you.
Beogh smites you!
* * * LOW HITPOINT WARNING * * *
Something hits Ntombi but does no damage.
Ntombi barely misses something.
Something hits Ntombi.
Ntombi misses something.
Something barely misses Ntombi.
Ntombi hits something with a +0 quarterstaff.
Something hits Ntombi.
Ntombi seems less confused.
Ntombi points at the orc priest and mumbles some strange words.
The stone arrow hits something!
Reactivating autopickup.
You feel a bit more experienced.
Your Axes skill increases to level 5!
It was a potion of attraction.
You feel attractive to monsters.
Ntombi hits the orc priest but does no damage.
The orc priest calls down the wrath of Beogh upon you.
Beogh smites you!
You die...

#.# #.# #.#
.# #.# #.#
#.# #.# #.#
#.## #@.#
##.# #.# #.#
#.# #R#
####o#
#....#
#.#'####....


You could see the friendly Ntombi the battlemage and an orc priest (ally
target).

Vanquished Creatures
  Natasha (twice) (D:2)
  Terence (D:2)
  4 adders
  A worm (D:3)
  2 dart slugs (D:1)
  An orc (D:3)
  2 ball pythons
  4 bats
  5 endoplasms
  3 goblins
  2 hobgoblins (D:2)
  2 jackals (D:1)
  A quokka (D:1)
  4 frilled lizards
  2 kobolds (D:1)
  2 rats (D:2)
38 creatures vanquished.

Vanquished Creatures (collateral kills)
  Ijyb (D:3)
  An orc wizard (D:3)
  4 adders
  An orc (D:3)
  2 endoplasms
  A quokka (D:3)
  2 bats (D:1)
  A frilled lizard (D:2)
  2 rats
15 creatures vanquished.

Vanquished Creatures (others)
  An ancestor (D:2)
1 creature vanquished.

Grand Total: 54 creatures vanquished

Notes
Turn   | Place    | Note
-------+----------+-------------------------------------------
     0 | D:1      | jt the Barachi Fighter began the quest for the Orb.
     0 | D:1      | Reached XP level 1. HP: 18/18 MP: 1/1
   106 | D:1      | Found Meacrioh's Armour Emporium.
   214 | D:1      | Reached XP level 2. HP: 22/24 MP: 2/2
   355 | D:1      | Found a faded altar of an unknown god.
   364 | D:1      | Prayed at the altar of an unknown god.
   364 | D:1      | Became a worshipper of Hepliaklqana the Forgotten
   364 | D:1      | Reached * piety under Hepliaklqana
   810 | D:2      | Noticed Natasha
   817 | D:2      | Reached XP level 3. HP: 18/26 MP: 3/3
   822 | D:2      | Killed Natasha
   823 | D:2      | Reached XP level 4. HP: 11/32 MP: 4/4
  1036 | D:2      | Reached ** piety under Hepliaklqana
  1037 | D:2      | Remembered your ancestor Ntombi as a battlemage
  1286 | D:2      | Noticed Terence
  1293 | D:2      | Killed Terence
  1294 | D:2      | Reached XP level 5. HP: 26/36 MP: 5/5
  1381 | D:2      | Noticed Natasha
  1385 | D:2      | Killed Natasha
  1386 | D:2      | Reached skill level 5 in Shields
  1629 | D:2      | Found Doack's Armour Boutique.
  1636 | D:2      | Bought a +0 helmet for 49 gold pieces
  1853 | D:3      | Noticed Ijyb
  1867 | D:3      | Killed Ijyb
  2120 | D:3      | Found Suelip's Jewellery Shoppe.
  2144 | D:3      | Found Daci Ity's Weapon Emporium.
  2167 | D:3      | Found Xutost's Book Shop.
  2176 | D:3      | Reached XP level 6. HP: 42/42 MP: 6/6
  2247 | D:3      | Found Doonitib's Weapon Shop.
  2265 | D:3      | Reached skill level 5 in Axes
  2265 | D:3      | Killed from afar by an orc priest

Illustrated notes

Levels and vault maps discovered:
D:1:      lemuel_arrival_room, layout_basic, serial_shops, shop,
          shapermc_ecumenical_altar_notcrosses, columned_hall_lemuel
D:2:      layout_basic, serial_shops, nicolae_shop_competitors_out_of_business,
          uniq_terence, uniq_natasha
D:3:      layout_loops_ring, serial_shops, shop_statue,
          nicolae_shop_bloodbath_and_beyond, nicolae_shop_waterfront,
          nicolae_shop_advertising_works [nicolae_subvault_shop_adworks],
          nicolae_shop_behind_doors, uniq_ijyb

Skill      XL: |  1  2  3  4  5  6 |
---------------+-------------------+-----
Axes           | 3 4 5 |  5.0
Shields        | 4 5 |  5.6
Fighting       | |  3.6
Armour         | |  3.6

Action                   |  1- 3 |  4- 6 || total
-------------------------+-------+-------++-------
Melee: War axe           |    53 |    62 ||   115
Throw: Dart              |       |     8 ||     8
Invok: Ancestor Identity |     1 |       ||     1
       Ancestor Life: Ba |       |     1 ||     1
  Use: Potion            |     2 |     1 ||     3
       Scroll            |     1 |     3 ||     4
 Stab: Distracted        |     1 |     1 ||     2
Armor: Scale mail        |    30 |    33 ||    63
Dodge: Dodged            |    22 |    21 ||    43
Block: Buckler           |    15 |    18 ||    33

Table legend: (Time is in decaauts)
 A = Elapsed time spent in this place.
 B = Non-inter-level travel time spent in this place.
 C = Inter-level travel time spent in this place.
 D = Time resting spent in this place.
 E = Time spent auto-exploring this place.
 F = Levels seen in this place.
 G = Mean time per level.
                   A        B        C        D        E       F      G
               +--------+--------+--------+--------+--------+-----+--------+
         Total |   2573 |   2533 |     40 |    533 |   1387 |   3 |  857.7 |
       Dungeon |   2573 |   2533 |     40 |    533 |   1387 |   3 |  857.7 |
               +--------+--------+--------+--------+--------+-----+--------+

Top non-repeatable levels by time:
     D:1: 1059 daAuts
     D:2: 918 daAuts
     D:3: 596 daAuts
